 Dungeon Crawl Stone Soup version 0.29.0-10-g45618ea6d2 (webtiles) character file.

Game seed: 16147853099351894433

263 fingers the Ruffian (level 5, -3/40 HPs)
             Began as a Draconian Transmuter on Sept 1, 2022.
             Was a Follower of Uskayaw.
             Slain by a gnoll
             ... wielding a +0 halberd
              (7 damage)
             ... on level 4 of the Dungeon.
             The game lasted 00:08:40 (4329 turns).

fingers the Ruffian (Draconian Transmuter)          Turns: 4329, Time: 00:08:43

Health: -3/40      AC:  5    Str: 14    XL:     5   Next: 97%
Magic:  8/8        EV: 13    Int: 20    God:    Uskayaw [*.....]
Gold:   214        SH:  5    Dex: 17    Spells: 6/9 levels left

rFire   . . .      SeeInvis .     - Unarmed
rCold   . . .      Faith    .   (no shield)
rNeg    . . .      Spirit   .   (body armour unavailable)
rPois   .          Reflect  +   (helmet restricted)
rElec   .          Harm     .   m - scarf {shadows}
rCorr   .          Rampage  .   (no gloves)
Will    .....                   (no boots)
Stlth   ++........              r - amulet of reflection
HPRegen 0.13/turn               v - +6 ring of intelligence
MPRegen 0.11/turn               n - +6 ring of dexterity

@: no status effects
A: AC +5, unfitting armour, cold-blooded
a: Renounce Religion, Stomp


You were on level 4 of the Dungeon.
You worshipped Uskayaw.
Uskayaw was noncommittal.
You visited 1 branch of the dungeon, and saw 4 of its levels.

You collected 214 gold pieces.

Inventory:

Armour
 m - a scarf of shadows (worn)
Jewellery
 l - a ring of flight
 n - a +6 ring of dexterity (right hand)
 r - an amulet of reflection (around neck)
 s - an amulet of the acrobat
 v - a +6 ring of intelligence (left hand)
 x - an amulet of guardian spirit
Wands
 o - a wand of digging (6)
 t - a wand of paralysis (6)
Scrolls
 b - a scroll of teleportation
 c - 2 scrolls of poison {unknown}
 d - 5 scrolls of identify {unknown}
 h - 2 scrolls of noise {unknown}
 j - a scroll of brand weapon {unknown}
 k - a scroll of enchant armour {unknown}
 p - 2 scrolls of silence {unknown}
 u - a scroll of butterflies {unknown}
 w - a scroll of magic mapping {unknown}
 y - a scroll of immolation {unknown}
Potions
 a - 3 potions of lignification
 e - a potion of mutation {unknown}
 f - 3 potions of curing {unknown}
 g - a potion of magic {unknown}
 i - 2 potions of flight {unknown}
 q - a potion of resistance {unknown}


   Skills:
 + Level 1.4 Fighting
 + Level 2.6 Dodging
 + Level 0.3 Stealth
 + Level 1.0 Shields
 + Level 5.2 Unarmed Combat
 + Level 2.6 Spellcasting
 + Level 2.9 Transmutations


You had 6 spell levels left.
You knew the following spells:

 Your Spells              Type           Power      Damage    Failure   Level
a - Beastly Appendage     Tmut           28%        N/A       4%          1
b - Wereblood             Tmut           14%        N/A       7%          2

Your spell library contained the following spells:

 Spells                   Type           Power      Damage    Failure   Level
 Foxfire                  Conj/Fire      8%         2x1d4     16%         1
 Blink                    Tloc           4%         N/A       22%         2
 Spider Form              Tmut/Pois      8%         N/A       24%         3
 Conjure Flame            Conj/Fire      2%         6-21      41%         3
 Gell's Gravitas          Tloc           2%         N/A       41%         3
 Inner Flame              Hex/Fire       2%         N/A       41%         3
 Lesser Beckoning         Tloc           2%         N/A       41%         3
 Teleport Other           Tloc           2%         N/A       41%         3
 Ice Form                 Ice/Tmut       8%         N/A       63%         4
 Flame Wave               Conj/Fire      2%         2d4       83%         4
 Manifold Assault         Tloc           2%         N/A       99%         5
 Storm Form               Tmut/Air       4%         N/A       100%        7


Dungeon Overview and Level Annotations

Branches:
Dungeon (4/15)
 Temple: D:4-7

Altars:
Uskayaw


Innate Abilities, Weirdness & Mutations

Your plain brown scales are hard. (AC +5)
You cannot fit into any form of body armour.
You are cold-blooded and may be slowed by cold attacks.


Message History

There is an open door here.
You see here a +0 short sword.
Found a stone staircase leading down.
There is a stone staircase leading down here.
You open the door.
There is an open door here.
You open the door.
There is an open door here.
You open the door.
There is an open door here.
A gnoll comes into view. It is wielding a +0 spear.
A gnoll is nearby!
The gnoll shouts!
You hear a shout!
A gnoll comes into view. It is wielding a +0 halberd.
The gnoll moves out of view.
A gnoll comes into view. It is wielding a +0 halberd.
The gnoll hits you from afar with a +0 spear!
The gnoll hits you from afar with a +0 spear.
A gnoll comes into view. It is wielding a +0 whip.
The gnoll closely misses you.
The gnoll hits you from afar with a +0 halberd!
The gnoll barely misses you. The gnoll hits you with a +0 spear.
You block the gnoll's attack.
The gnoll hits you from afar with a +0 halberd!
* * * LOW HITPOINT WARNING * * *
You are too injured to fight recklessly!
You closely miss the gnoll. You tail-slap the gnoll.
The gnoll is moderately wounded.
The gnoll barely misses you. The gnoll closely misses you.
You closely miss the gnoll. You tail-slap the gnoll.
Your punch misses the gnoll.
The gnoll is heavily wounded.
You block the gnoll's attack. The gnoll barely misses you.
You barely miss the gnoll. You tail-slap the gnoll.
The gnoll is heavily wounded.
The gnoll hits you with a +0 spear.
* * * LOW HITPOINT WARNING * * *
The gnoll closely misses you.
The gnoll hits you from afar with a +0 halberd!
You die...

#..)......'...'....'...#
#.##......##.##....###.#
#.##......#........# #.#
####........##.....# #.#
..##.######.##.....###.#
#.##.# #..........#.#
#.##.. ..#..#..##.#.#
#.# ....g........###.#
..### #....g@.##.......#
....# #...g.g###########
....# ##..#... ....##+#
#..##... .<...... ...
#.... ........ .. #..#.#
........ ...#.# ........
........


You could see 4 gnolls.

Vanquished Creatures
  A sky beast (D:4)
  An orc priest (D:3)
  3 gnolls (D:4)
  3 adders
  3 worms
  3 dart slugs
  3 orcs (D:3)
  6 ball pythons
  2 bats (D:2)
  7 endoplasms
  4 giant cockroaches
  8 goblins
  9 hobgoblins
  6 jackals
  6 kobolds
  4 frilled lizards
  A rat (D:1)
70 creatures vanquished.

Notes
Turn   | Place    | Note
-------+----------+-------------------------------------------
     0 | D:1      | fingers the Draconian Transmuter began the quest for the
                  | Orb.
     0 | D:1      | Reached XP level 1. HP: 16/16 MP: 3/3
   403 | D:1      | Reached XP level 2. HP: 23/23 MP: 5/5
  1408 | D:2      | Learned a level 2 spell: Wereblood
  1461 | D:2      | Reached XP level 3. HP: 28/28 MP: 6/6
  2142 | D:2      | Reached skill level 4 in Unarmed Combat
  2297 | D:3      | Reached XP level 4. HP: 31/35 MP: 4/7
  3642 | D:4      | Found a hide-covered altar of Uskayaw.
  3661 | D:4      | Became a worshipper of Uskayaw the Reveller
  3676 | D:4      | Reached * piety under Uskayaw
  3678 | D:4      | Reached XP level 5. HP: 39/40 MP: 5/8
  3685 | D:4      | Reached ** piety under Uskayaw
  3892 | D:4      | Noticed a sky beast
  3899 | D:4      | Killed a sky beast
  3900 | D:4      | Reached skill level 1 in Shields
  3900 | D:4      | Reached skill level 5 in Unarmed Combat
  4329 | D:4      | Slain by a gnoll

Illustrated notes

Levels and vault maps discovered:
D:1:      saegor_arrival_under_anarchy, layout_basic
D:2:      layout_loops_ring
D:3:      kennysheep_six_static_rooms, layout_loops_ring
D:4:      layout_basic, overflow_temple_1_default, uniq_sigmund

Skill      XL: |  1  2  3  4  5 |
---------------+----------------+-----
Dodging        | 2 |  2.6
Unarmed Combat | 4 5 |  5.2
Shields        | 1 |  1.0
Fighting       | |  1.4
Stealth        | |  0.3
Spellcasting   | |  2.6
Transmutations | |  2.9

Action                   |  1- 3 |  4- 6 || total
-------------------------+-------+-------++-------
Melee: Unarmed           |   133 |   119 ||   252
       Tailslap          |    23 |    20 ||    43
       Kick              |     8 |     1 ||     9
       Punch             |     3 |     2 ||     5
       Headbutt          |     1 |     2 ||     3
 Cast: Beastly Appendage |     7 |     3 ||    10
       Wereblood         |     3 |     4 ||     7
Invok: Stomp             |       |     1 ||     1
  Use: Scroll            |       |     1 ||     1
Armor: Skin              |    30 |    41 ||    71
Dodge: Dodged            |    66 |    76 ||   142
Block: Other             |       |    24 ||    24
